 Dungeon Sprint DCSS version 0.24.0-13-gcf9b319 (webtiles) character file.

Game seed: 1950031855443127870, levelgen mode: deterministic

429 2bobheroes the Covert (level 6, -2/28 HPs)
             Began as a Spriggan Enchanter on Mar 19, 2020.
             Was an Initiate of Sif Muna.
             Asphyxiated
             ... in the Dungeon (Sprint I: "Red Sonja").
             The game lasted 00:03:46 (258 turns).

2bobheroes the Covert (Spriggan Enchanter)           Turns: 258, Time: 00:03:49

Health: -2/28      AC:  2    Str:  4    XL:     6   Next: 66%
Magic:  7/11       EV: 18    Int: 16    God:    Sif Muna [......]
Gold:   304        SH:  0    Dex: 19    Spells: 4/10 levels left

rFire    . . .     SeeInvis +   a - +1 dagger
rCold    . . .     Gourm    .   (shield restricted)
rNeg     . . .     Faith    .   b - +0 robe
rPois    .         Spirit   .   (helmet restricted)
rElec    .         Reflect  .   (no cloak)
rCorr    .         Harm     .   (gloves unavailable)
MR       +....     NoTele   +   (boots unavailable)
Stlth    ++++++....             (no amulet)
HPRegen  0.09/turn              (no ring)
MPRegen  0.12/turn              (no ring)

@: lethally poisoned (-2 -> -34), slowed, quick
A: very small, unfitting armour, see invisible, herbivore, speed 3, slow
metabolism 2
a: Renounce Religion


You were in the Dungeon.
You worshipped Sif Muna.
Sif Muna was noncommittal.
You were not hungry.

You visited 1 branch You collected 304 gold pieces.

Inventory:

Hand Weapons
 a - a +1 dagger (weapon)
Armour
 b - a +0 robe (worn)
Scrolls
 c - a scroll of identify {unknown}
 j - a scroll of blinking
Potions
 e - a potion of curing
 f - a potion of heal wounds
 g - a potion of haste
 h - 2 potions of magic
 i - a potion of invisibility {unknown}
Comestibles
 d - a ration


   Skills:
 + Level 9.1 Short Blades
 - Level 3.0 Dodging
 + Level 13.1 Stealth
 - Level 2.6 Spellcasting
 + Level 10.5 Hexes


You had 4 spell levels left.
You knew the following spells:

 Your Spells              Type           Power        Failure   Level  Hunger
a - Corona                Hex            #####..      1%          1    #......
b - Ensorcelled Hibernat  Hex/Ice        ###...       3%          2    ##.....
c - Tukima's Dance        Hex            #####...     1%          3    ###....

Your spell library contained the following spells:

 Spells                   Type           Power        Failure   Level  Hunger
 Confuse                  Hex            #####...     1%          3    ###....
 Dazzling Spray           Conj/Hex       ###...       7%          3    ###....


Dungeon Overview and Level Annotations

Branches:
Dungeon (1/1)

Altars:
Cheibriados
Dithmenos
Elyvilon
Fedhas
Gozag
Hepliaklqana
Kikubaaqudgha
Nemelex Xobeh
Okawaru
Qazlal
Ru
Sif Muna
Trog
Uskayaw
Vehumet
Wu Jian
Yredelemnul
Zin
The Shining One

Shops:
D [

Annotations:
D Sonja


Innate Abilities, Weirdness & Mutations

You are very small and have problems with some larger weapons.
You are too small for most types of armour.
You have supernaturally acute eyesight. (SInv)
You are a herbivore.
You cover ground extremely quickly.
You need to consume almost no food.


Message History

You see here a curare-tipped dart.
Okay, then.
You feel sick.
Sonja throws a curare-tipped dart.
The curare-tipped dart closely misses you.
Sonja throws a curare-tipped dart.
The curare-tipped dart misses you.
Press: ? - help, v - describe, . - travel The floor.
You feel sick.
Sonja throws a curare-tipped dart.
The curare-tipped dart barely misses you.
You see here 3 curare-tipped darts.
* * * LOW HITPOINT WARNING * * *
You feel sick.
Your +2 dagger of venom misses Sonja.
There is an open door here.
* * * LOW HITPOINT WARNING * * *
You feel sick.
Sonja throws a curare-tipped dart.
The curare-tipped dart closely misses you.
Sonja throws a curare-tipped dart.
The curare-tipped dart hits you.
You are more poisoned.
You have difficulty breathing.
You die...

################
#<.#.)'.)#..'..#
#..'..#.['..#.@+
#..#####'#####'#
#..####..#...#(#
#..#__####..##.#
#..#_____##'#_(+
#⌠⌠#_.∩..†'.(K_#
####_..__##_.#'#
#_____###(#.#
####### #.###


You could see Sonja.

Vanquished Creatures
  Sigmund (D)
  A yak (D)
  An ogre (D)
  A jelly (D)
  Ijyb (D)
5 creatures vanquished.

Notes
Turn   | Place    | Note
-------+----------+-------------------------------------------
     0 | D        | 2bobheroes the Spriggan Enchanter began the quest for the
                  | Orb.
     0 | D        | Reached XP level 1. HP: 9/9 MP: 5/5
     1 | D        | Noticed Ijyb
    16 | D        | Killed Ijyb
    16 | D        | Reached skill level 6 in Stealth
    16 | D        | Reached skill level 5 in Hexes
    16 | D        | Reached XP level 2. HP: 13/13 MP: 6/6
    51 | D        | Learned a level 2 spell: Ensorcelled Hibernation
    51 | D        | Noticed an ogre
    54 | D        | Killed an ogre
    54 | D        | Reached skill level 5 in Short Blades
    54 | D        | Reached skill level 9 in Stealth
    54 | D        | Reached XP level 3. HP: 16/16 MP: 8/8
    54 | D        | Reached XP level 4. HP: 21/21 MP: 9/9
    68 | D        | Learned a level 3 spell: Tukima's Dance
    68 | D        | Noticed Sigmund
    76 | D        | Killed Sigmund
    76 | D        | Reached skill level 11 in Stealth
    76 | D        | Reached XP level 5. HP: 15/24 MP: 1/10
   196 | D        | Found a shimmering blue altar of Sif Muna.
   197 | D        | Found an ornate altar of the Wu Jian Council.
   198 | D        | Found a radiant altar of Vehumet.
   202 | D        | Reached XP level 6. HP: 28/28 MP: 11/11
   211 | D        | Became a worshipper of Sif Muna the Loreminder
   228 | D        | Found Qinotz's Armour Emporium.
   228 | D        | Found an ancient bone altar of Kikubaaqudgha.
   228 | D        | Found a hazy altar of Hepliaklqana.
   228 | D        | Found a hide-covered altar of Uskayaw.
   228 | D        | Found a basalt altar of Yredelemnul.
   228 | D        | Found an opulent altar of Gozag.
   228 | D        | Found a snail-covered altar of Cheibriados.
   228 | D        | Found a sacrificial altar of Ru.
   228 | D        | Found a shadowy altar of Dithmenos.
   228 | D        | Noticed a yak
   229 | D        | Found a stormy altar of Qazlal.
   229 | D        | Found a blossoming altar of Fedhas.
   229 | D        | Found a bloodstained altar of Trog.
   229 | D        | Found an iron altar of Okawaru.
   229 | D        | Found a glowing golden altar of the Shining One.
   229 | D        | Found a glowing silver altar of Zin.
   229 | D        | Found a white marble altar of Elyvilon.
   230 | D        | Killed a yak
   230 | D        | Reached skill level 13 in Stealth
   230 | D        | Reached skill level 10 in Hexes
   231 | D        | Found a sparkling altar of Nemelex Xobeh.
   249 | D        | Noticed Sonja
   258 | D        | Asphyxiated

Levels and vault maps discovered:
D:        dungeon_sprint_1 [red_sonja_temple_1, red_sonja_temple_small_1]

Skill      XL: |  1  2  3  4  5  6 |
---------------+-------------------+-----
Short Blades   | 3 5 7 8 9 |  9.1
Stealth        | 6 9 11 13 | 13.1
Hexes          | 5 7 9 10 | 10.5
Dodging        | |  3.0
Spellcasting   | |  2.6

Action                   |  1- 3 |  4- 6 || total
-------------------------+-------+-------++-------
Melee: Dagger            |    13 |     3 ||    16
 Cast: Tukima's Dance    |       |     2 ||     2
       Ensorcelled Hiber |       |     2 ||     2
  Use: Potion            |     1 |       ||     1
 Stab: Sleeping          |     2 |     3 ||     5
Armor: Robe              |     3 |       ||     3
Dodge: Dodged            |     5 |     5 ||    10
